 Dungeon Crawl Stone Soup version 0.27.1-33-g824d729ab1 (webtiles) character file.

Game seed: 17204068670738140981

5637 dianekeaton the Bludgeoner (level 10, -2/77 HPs)
             Began as a Minotaur Berserker on Dec 9, 2021.
             Was a Priest of Trog.
             Slain by a blink frog (5 damage)
             ... on level 1 of the Lair of Beasts.
             The game lasted 00:20:59 (10447 turns).

dianekeaton the Bludgeoner (Minotaur Berserker)    Turns: 10447, Time: 00:21:00

Health: -2/77      AC: 13    Str: 22    XL:     10   Next: 46%
Magic:  9/9        EV: 11    Int:  4    God:    Trog [***...]
Gold:   490        SH:  5    Dex: 13    Spells: 9/9 levels left

rFire    . . .     SeeInvis .   p - +3 mace
rCold    . . .     Faith    .   c - +0 buckler
rNeg     . . .     Spirit   .   u - quicksilver dragon scales
rPois    .         Reflect  .   (helmet restricted)
rElec    .         Harm     .   j - scarf {shadows}
rCorr    .         Rampage  .   v - +2 pair of gloves
Will     +....                  (no boots)
Stlth    +.........             (no amulet)
HPRegen  0.22/turn              (no ring)
MPRegen  0.11/turn              (no ring)

@: about to teleport
A: horns 2, retaliatory headbutt
a: Renounce Religion, Berserk, Trog's Hand


You were on level 1 of the Lair of Beasts.
You worshipped Trog.
Trog was most pleased with you.
You visited 2 branches of the dungeon, and saw 9 of its levels.

You collected 538 gold pieces.
You spent 48 gold pieces at shops.

Inventory:

Hand Weapons
 a - a +0 mace
 h - a +1 whip of electrocution
 l - a +4 dire flail
 p - a +3 mace (weapon)
Missiles
 w - 5 throwing nets (quivered)
Armour
 c - a +0 buckler (worn)
 j - a scarf of shadows (worn)
 m - a +0 scale mail
 u - quicksilver dragon scales (worn)
 v - a +2 pair of gloves (worn)
 x - a +1 scale mail of fire resistance
Jewellery
 b - a ring of resist corrosion
 f - an amulet of reflection
 y - a ring of magical power
Wands
 s - a wand of iceblast (20)
Scrolls
 q - 4 scrolls of identify
 t - a scroll of teleportation
Potions
 d - 3 potions of berserk rage
 e - a potion of resistance
 g - 3 potions of magic
 i - a potion of heal wounds
 k - 4 potions of lignification
 n - a potion of brilliance
 o - 3 potions of curing
 r - 2 potions of ambrosia


   Skills:
 - Level 3.6 Fighting
 * Level 16.6 Maces & Flails
 - Level 2.4 Armour
 - Level 2.1 Dodging
 - Level 0.4 Stealth
 + Level 6.3 Shields


You had 9 spell levels left.
You didn't know any spells.
Your spell library was empty.

Dungeon Overview and Level Annotations

Branches:
Dungeon (8/15)             Temple (0/1) D:7            Lair (1/6) D:8

Altars:

Shops:
D:1 *   D:2 (   D:4 ?   D:5 :   D:6 (*


Innate Abilities, Weirdness & Mutations

You have a pair of horns on your head.
You reflexively headbutt those who attack you in melee.


Message History

You headbutt the bullfrog.
You feel sick.
The blink frog blinks!
The blink frog barely misses you.
The blink frog blinks!
You barely miss the water moccasin.
The water moccasin is lightly wounded.
You feel sick. The bullfrog closely misses you.
The blink frog hits you but does no damage.
The water moccasin closely misses you. You furiously retaliate!
You headbutt the water moccasin, but do no damage.
The black bear barely misses you. The black bear claws you.
* * * LOW HITPOINT WARNING * * *
The black bear claws you but does no damage.
The water moccasin bites you but does no damage.
You hit the water moccasin.
Your headbutt misses the water moccasin.
The water moccasin is lightly wounded.
You feel sick. The bullfrog hits you.
* * * LOW HITPOINT WARNING * * *
The blink frog blinks!
You block the blink frog's attack. The water moccasin barely misses you.
As you read the scroll of teleportation, it crumbles to dust.
You feel strangely unstable.
You feel sick. The bullfrog hits you.
* * * LOW HITPOINT WARNING * * *
The water moccasin bites you but does no damage.
The black bear closely misses you.
The black bear claws you but does no damage.
The black bear claws you.
* * * LOW HITPOINT WARNING * * *
The blink frog hits you but does no damage.
You block the water moccasin's attack.
The blink frog blinks!
The bullfrog hits you but does no damage.
The water moccasin misses you. You furiously retaliate!
You headbutt the water moccasin.
You feel sick. The blink frog misses you.
You block the water moccasin's attack. The blink frog barely misses you.
The water moccasin bites you but does no damage.
You feel sick.
You are no longer poisoned.
The blink frog hits you.
You die...

........≈.P...........
#.....P..≈≈≈.§......##
##.....≈≈≈≈.........P.
#.#...≈≈≈≈†≈≈........F
....P≈≈†.≈........$..S
......FFh............S
###.##SSF...###P#...##
# #..F..## ###.#.#
#.@...# . # #......+
.# #.....#.. #
#..≈.≈... #≈≈≈≈≈≈≈≈
.≈≈≈≈≈≈≈≈ .≈≈≈≈≈≈≈≈


You could see 3 blink frogs, 2 water moccasins, a black bear and a bullfrog.

Vanquished Creatures
  Harold (D:7)
  A gargoyle (D:7)
  5 polar bears (D:8)
  Prince Ribbit (D:7)
  A steam dragon (D:8)
  2 water moccasins
  2 ice beasts
  2 sky beasts
  6 black bears
  A necrophage (D:7)
  2 ogres (D:6)
  4 centaurs
  A phantom (D:6)
  A kobold brigand (D:8)
  A gnoll sergeant (D:7)
  2 bullfrogs
  2 wyvern zombies
  2 scorpions
  13 wights
  A centaur zombie (D:7)
  3 hounds
  An orc priest (D:6)
  A centaur skeleton (D:7)
  A gnoll shaman (D:7)
  3 bullfrog skeletons
  2 orc wizards
  A hound skeleton (D:5)
  A howler monkey zombie (D:8)
  9 adders
  A shadow imp (D:8)
  A white imp (D:7)
  A dart slug (D:1)
  25 orcs
  2 ball pythons (D:1)
  4 endoplasms
  2 giant cockroaches (D:1)
  8 goblins
  5 hobgoblins
  4 jackals (D:2)
  13 kobolds
  3 quokkas
  5 bats
  A frilled lizard (D:3)
  2 rats (D:1)
150 creatures vanquished.

Vanquished Creatures (others)
  5 plants (Lair:1)
5 creatures vanquished.

Grand Total: 155 creatures vanquished

Notes
Turn   | Place    | Note
-------+----------+-------------------------------------------
     0 | D:1      | dianekeaton the Minotaur Berserker began the quest for the
                  | Orb.
     0 | D:1      | Reached XP level 1. HP: 19/19 MP: 0/0
   308 | D:1      | Reached skill level 4 in Maces & Flails
   359 | D:1      | Found Qahucrump's General Store.
   728 | D:1      | Reached XP level 2. HP: 26/26 MP: 1/1
  1501 | D:2      | Reached skill level 5 in Maces & Flails
  1503 | D:2      | Reached XP level 3. HP: 31/31 MP: 2/2
  1542 | D:2      | Found Ymiann's Weapon Boutique.
  1718 | D:2      | Found a faded altar of an unknown god.
  2287 | D:2      | Reached skill level 6 in Maces & Flails
  2287 | D:2      | Reached XP level 4. HP: 14/39 MP: 3/3
  2505 | D:2      | Reached skill level 1 in Shields
  2623 | D:3      | Reached XP level 5. HP: 45/45 MP: 4/4
  2655 | D:3      | Reached ** piety under Trog
  3040 | D:3      | Reached skill level 7 in Maces & Flails
  3727 | D:4      | Reached XP level 6. HP: 51/51 MP: 5/5
  3760 | D:4      | Reached skill level 8 in Maces & Flails
  3949 | D:4      | Found Okuh's Magic Scroll Boutique.
  3957 | D:4      | Bought a scroll of identify for 22 gold pieces
  4103 | D:5      | Entered Level 5 of the Dungeon
  4380 | D:5      | Identified the +1 robe of the Apprentice {rCorr}
  4390 | D:5      | Reached skill level 9 in Maces & Flails
  4530 | D:5      | Found Hexujes's Book Shop.
  4663 | D:5      | Noticed an ice beast
  4834 | D:6      | Reached XP level 7. HP: 40/57 MP: 6/6
  4988 | D:6      | Reached skill level 10 in Maces & Flails
  5421 | D:6      | Reached skill level 11 in Maces & Flails
  5421 | D:6      | Reached XP level 8. HP: 63/64 MP: 7/7
  5752 | D:6      | Reached *** piety under Trog
  6164 | D:6      | Found Tili's General Store.
  6173 | D:6      | Bought a scroll of identify for 26 gold pieces
  6275 | D:6      | Found Nyihyborghe's Weapon Shoppe.
  6284 | D:6      | Reached skill level 12 in Maces & Flails
  7142 | D:7      | Reached skill level 13 in Maces & Flails
  7401 | D:7      | Noticed a gargoyle
  7419 | D:7      | Killed a gargoyle
  7420 | D:7      | Reached XP level 9. HP: 65/70 MP: 8/8
  7761 | D:7      | Reached skill level 14 in Maces & Flails
  7991 | D:7      | Noticed Harold
  8006 | D:7      | Killed Harold
  8007 | D:7      | Reached skill level 15 in Maces & Flails
  8182 | D:7      | Noticed Prince Ribbit
  8187 | D:7      | Killed Prince Ribbit
  8188 | D:7      | Reached skill level 5 in Shields
  8291 | D:7      | Found a staircase to the Ecumenical Temple.
  9031 | D:8      | Found a staircase to the Lair.
  9050 | D:8      | Reached XP level 10. HP: 71/76 MP: 9/9
  9419 | Lair:1   | Entered Level 1 of the Lair of Beasts
  9448 | D:8      | Reached skill level 16 in Maces & Flails
 10446 | Lair:1   | HP: 3/77 [poisoned by a water moccasin]
 10447 | Lair:1   | Slain by a blink frog

Illustrated notes

Levels and vault maps discovered:
D:1:      dpeg_arrival_central, layout_loops_ring, serial_shops, shop,
          minmay_curled_crystal, minmay_quantized
D:2:      layout_basic, serial_shops, nicolae_shop_statue_plus,
          shapermc_ecumenical_altar_petra
D:3:      layout_loops_ring, chequers_serial_rivers_micro_c,
          minmay_misc_feat_ornament
D:4:      layout_basic, serial_shops, shop
D:5:      layout_basic, serial_shops, shop, serial_park_tiny_1, uniq_menkaure
D:6:      cheibrodos_helix_gallery, layout_layer_cave, serial_shops, shop,
          nicolae_shop_trees, hangedman_decor_lopped
D:7:      minmay_thick_lines, layout_loops_ring,
          minmay_temple_entry_enclosed_plants, uniq_harold, uniq_prince_ribbit1
D:8:      layout_loops_cross, lair_entry_dummy, minmay_misc_feat_x
Lair:1:   beast_lair_carwin_large_4, layout_regular_city, serial_bayou_shore_a,
          minmay_lair_oklob_chamber, infiniplex_staircase_pool_2,
          serial_bayou_shore_b

Skill      XL: |  1  2  3  4  5  6  7  8  9 10 |
---------------+-------------------------------+-----
Maces & Flails | 4 5 6 7 9 11 13 15 16 | 16.6
Shields        | 1 2 3 5 6 |  6.3
Fighting       | |  3.6
Armour         | |  2.4
Dodging        | |  2.1
Stealth        | |  0.4

Action                   |  1- 3 |  4- 6 |  7- 9 | 10-12 || total
-------------------------+-------+-------+-------+-------++-------
Melee: Mace              |    34 |    49 |   241 |   100 ||   424
       Headbutt          |     7 |    20 |    52 |    22 ||   101
       Whip              |    25 |    50 |       |       ||    75
Invok: Berserk           |     1 |     1 |     1 |       ||     3
       Trog's Hand       |       |       |     2 |       ||     2
  Use: Scroll            |       |    13 |     2 |     2 ||    17
Armor: Animal skin       |     9 |     1 |       |       ||    10
       Scale mail        |       |    27 |       |       ||    27
       Quicksilver drago |       |       |    72 |    89 ||   161
Dodge: Dodged            |    36 |    39 |    99 |    90 ||   264
Block: Buckler           |    12 |    14 |    51 |    42 ||   119
